 Dungeon Crawl Stone Soup version 0.26.0-10-g1f06aea511 (webtiles) character file.

Game seed: 8169308219250386116

49 Borgoz the Cudgeller (level 3, 0/30 HPs)
             Began as a Ghoul Gladiator on Jan 15, 2021.
             Slain by a gnoll
             ... wielding a +0 spear
              (5 damage)
             ... on level 2 of the Dungeon.
             The game lasted 00:02:35 (1697 turns).

Borgoz the Cudgeller (Ghoul Gladiator)              Turns: 1697, Time: 00:02:36

Health: 0/30       AC:  4    Str: 17    XL:     3   Next: 77%
Magic:  2/2        EV: 12    Int:  3    God:
Gold:   140        SH:  0    Dex: 11    Spells: 2/2 levels left

rFire    . . .     SeeInvis .   a - +0 flail
rCold    + . .     Faith    .   (no shield)
rNeg     + + +     Spirit   .   b - +0 leather armour
rPois    ∞         Reflect  .   c - +0 helmet
rElec    .         Harm     .   (no cloak)
rCorr    .         Rampage  .   (no gloves)
Will     .....                  (no boots)
Stlth    +.........             (no amulet)
HPRegen  0.00/turn              (no ring)
MPRegen  0.08/turn              (no ring)

@: attractive
A: claws 1, cold resistance 1, negative energy resistance 3, inhibited
regeneration, torment resistance, unbreathing
a: no special abilities


You were on level 2 of the Dungeon.
You visited 1 branch of the dungeon, and saw 2 of its levels.

You collected 140 gold pieces.

Inventory:

Hand Weapons
 a - a +0 flail (weapon)
Missiles
 d - 3 throwing nets (quivered)
Armour
 b - a +0 leather armour (worn)
 c - a +0 helmet (worn)
Scrolls
 e - 5 scrolls of remove curse {unknown}
 g - a scroll of teleportation {unknown}
 h - a scroll of magic mapping {unknown}
 j - a scroll of blinking {unknown}
Potions
 i - a potion of curing {unknown}


   Skills:
 + Level 2.7 Fighting
 * Level 3.3 Maces & Flails
 - Level 1.7 Throwing
 * Level 3.3 Dodging


You had 2 spell levels left.
You didn't know any spells.
Your spell library was empty.

Dungeon Overview and Level Annotations

Branches:
Dungeon (2/15)

Altars:
Hepliaklqana


Innate Abilities, Weirdness & Mutations

You thrive by killing the living.
You are immune to poison.
You have sharp fingernails.
Your flesh is cold resistant. (rC+)
You are immune to negative energy. (rN+++)
You do not regenerate when monsters are visible.
You are immune to unholy pain and torment.
You can survive without breathing.


Message History

You are too injured to fight recklessly!
There are monsters nearby!
You are too injured to fight recklessly!
An adder comes into view.
The gnoll barely misses you.
The adder moves out of view.
You barely miss the gnoll. The gnoll hits you with a +0 halberd.
* * * LOW HITPOINT WARNING * * *
The gnoll barely misses you.
It was a potion of attraction.
You feel attractive to monsters. The gnoll barely misses you.
The gnoll hits you with a +0 club.
* * * LOW HITPOINT WARNING * * *
The gnoll is pulled toward you!
You hit the gnoll.
The gnoll is moderately wounded.
The gnoll hits you with a +0 spear.
* * * LOW HITPOINT WARNING * * *
The gnoll barely misses you. The gnoll misses you.
The gnoll hits you with a +0 spear.
You die...

##### #..#
##.## #..#
##.# #.#
#######.#
........#
......g.##
......g@.#
.......g.#
........[#
#####.....
#.....#
#......
#......#
#.......


You could see 3 gnolls.

Vanquished Creatures
  An adder (D:2)
  3 dart slugs
  A worm (D:2)
  A leopard gecko (D:1)
  A giant cockroach (D:1)
  6 hobgoblins
  A quokka (D:2)
  A bat (D:2)
  A frilled lizard (D:1)
  3 goblins (D:1)
  6 kobolds (D:1)
  7 rats
32 creatures vanquished.

Notes
Turn   | Place    | Note
-------+----------+-------------------------------------------
     0 | D:1      | Borgoz the Ghoul Gladiator began the quest for the Orb.
     0 | D:1      | Reached XP level 1. HP: 17/17 MP: 0/0
   402 | D:1      | Reached XP level 2. HP: 25/25 MP: 1/1
  1190 | D:1      | Reached XP level 3. HP: 30/30 MP: 2/2
  1538 | D:2      | Found a hazy altar of Hepliaklqana.
  1697 | D:2      | Slain by a gnoll

Illustrated notes

Levels and vault maps discovered:
D:1:      lemuel_arrival_behind_the_door_large, layout_basic
D:2:      layout_basic, nzn_hepliaklqana_mist_gate,
          chequers_ecumenical_altar_lobes, okawaru_metal_pillars_1_2, uniq_robin

Skill      XL: |  1  2 |
---------------+-------+-----
Maces & Flails | 3 |  3.3
Dodging        | 3 |  3.3
Fighting       | |  2.7
Throwing       | |  1.7

Action                   || total
-------------------------++-------
Melee: Flail             ||   115
  Use: Potion            ||     1
Armor: Leather armour    ||    27
Dodge: Dodged            ||    79
